 Dungeon Crawl Stone Soup version 0.30-a0-857-gcaf70739d4 (webtiles) character file.

Game seed: 838283950343033802

541 lesbiats the Ruffian (level 7, -1/68 HPs)
             Began as a Troll Fighter on Mar 6, 2023.
             Slain by Pikel
             ... wielding a +2 whip of electrocution
              (10 damage)
             ... on level 4 of the Dungeon.
             The game lasted 00:07:11 (2526 turns).

lesbiats the Ruffian (Troll Fighter)                Turns: 2526, Time: 00:07:11

Health: -1/68      AC:  5    Str: 25    XL:     7   Next: 5%
Magic:  6/6        EV:  8    Int:  6    God:
Gold:   195        SH:  8    Dex:  9    Spells: 6/6 levels left

rFire   . . .      SeeInvis .      - Unarmed
rCold   . . .      Faith    .    b - +0 kite shield
rNeg    . . .      Spirit   .    a - +0 robe
rPois   .          Reflect  .    (helmet restricted)
rElec   .          Rampage  .    k - +0 cloak
rCorr   .                        (gloves unavailable)
Will    .....                    (boots unavailable)
Stlth   +                        (no amulet)
HPRegen 1.11/turn                (no ring)
MPRegen 0.10/turn                (no ring)

@: no status effects
A: large, unfitting armour, claws 3, regeneration 1, shaggy fur 1, tough skin 1
a: no special abilities


You were on level 4 of the Dungeon.
You visited 1 branch of the dungeon, and saw 5 of its levels.

You collected 195 gold pieces.

Inventory:

Armour
 a - a +0 robe (worn)
 b - a +0 kite shield (worn)
 k - a +0 cloak (worn)
Jewellery
 u - an amulet of faith
Wands
 q - a wand of roots (2)
Scrolls
 g - 6 scrolls of identify
 h - a scroll of poison {unknown}
 i - a scroll of acquirement {unknown}
 o - 2 scrolls of teleportation {unknown}
 p - a scroll of enchant armour {unknown}
 s - a scroll of enchant weapon {unknown}
 t - 2 scrolls of vulnerability {unknown}
 v - a scroll of amnesia {unknown}
Potions
 c - a potion of might
 d - 2 potions of curing
 e - 2 potions of berserk rage {unknown}
 f - a potion of lignification {unknown}
 j - a potion of attraction {unknown}
 l - a potion of haste {unknown}
 m - a potion of magic {unknown}
 n - a potion of heal wounds {unknown}
 r - 2 potions of mutation {unknown}
 w - a potion of invisibility {unknown}


   Skills:
 + Level 3.9 Fighting
 - Level 2.4 Dodging
 + Level 4.3 Shields
 * Level 5.6 Unarmed Combat


You had 6 spell levels left.
You didn't know any spells.
Your spell library contained the following spells:

 Spells                   Type           Power      Damage    Failure   Level
 Animate Armour           Summ/Erth      0%         N/A       100%        4
 Blade Hands              Tmut           0%         N/A       100%        5
 Iron Shot                Conj/Erth      0%         9d1       100%        6


Dungeon Overview and Level Annotations

Branches:
Dungeon (5/15)
 Temple: D:4-7

Altars:
Ashenzari
Makhleb
Qazlal
Zin

Annotations:
D:4 Pikel
D:5 Menkaure


Innate Abilities, Weirdness & Mutations

You are too large for most types of armour.
You have claws for hands.
Your natural rate of healing is unusually fast.
You are covered in fur. (AC +1)
You have tough skin. (AC +1)


Message History

You completely miss the jelly. The jelly hits you.
You are splashed with acid!
You mangle the jelly!!
You kill the jelly!
No target in view!
HP restored.
You open the door.
Menkaure, Pikel and 3 lemures come into view.
Pikel is wielding a +2 whip of electrocution and wearing a +2 robe of willpower.
Menkaure shouts!
The lemure shouts! x2
An orc comes into view. It is wielding a +0 club.
Pikel cracks his whip.
The lemure moves out of view.
Menkaure calls on the powers of darkness!
Pikel convulses!
Your body is wracked with pain!
You hear a shout!
Menkaure casts a spell.
Menkaure seems to speed up.
You hear a shout! x2
There is a stone staircase leading up here.
You climb upwards.
There is a stone staircase leading down here.
You start resting.
HP restored.
You climb downwards.
Level annotation: Menkaure, Pikel You block Pikel's attack.
Menkaure calls on the powers of darkness!
Your body is wracked with pain!
There is a stone staircase leading up here.
Pikel hits you with a +2 whip of electrocution.
You are electrocuted!!
* * * LOW HITPOINT WARNING * * *
You climb upwards.
There is a stone staircase leading down here.
You barely miss Pikel.
Pikel is moderately wounded.
Pikel hits you with a +2 whip of electrocution!
* * * LOW HITPOINT WARNING * * *
You are electrocuted!
You die...

############
#..........##
#.#######.#.######
#.# #.###......
#.# ##..#†.#.##.
#.# #....)###.#.
#.# #......#.##.
#@# #..#.##.###.
#K# #..#.#######
####### #.# #..#.#
##.. #.....#
#.#####..#.# #...
###.♣♣♣.#
#..........# #..<
#.'.♣..)#
#######..### #...
#.'.♣._.# #...#
#... #.'.♣...#
#..## #.#.
#.#.♣♣♣.# #..#
##.#.


You could see Pikel.

Vanquished Creatures
  A black bear (D:4)
  2 scorpions (D:4)
  A howler monkey (D:4)
  An orc priest (D:3)
  A jelly (D:5)
  Ijyb (D:3)
  An iguana (D:3)
  An orc wizard (D:4)
  4 gnolls
  4 adders
  3 worms
  A dart slug (D:2)
  10 orcs
  7 endoplasms
  2 giant cockroaches
  7 goblins
  4 hobgoblins
  5 quokkas
  3 ball pythons
  3 bats
  6 frilled lizards
  7 kobolds
  5 rats
80 creatures vanquished.

Notes
Turn   | Place    | Note
-------+----------+-------------------------------------------
     0 | D:1      | lesbiats the Troll Fighter began the quest for the Orb.
     0 | D:1      | Reached XP level 1. HP: 22/22 MP: 0/0
   201 | D:1      | Reached XP level 2. HP: 29/29 MP: 1/1
   541 | D:1      | Reached XP level 3. HP: 36/36 MP: 2/2
   666 | D:1      | Reached skill level 3 in Unarmed Combat
   844 | D:2      | Found a broken altar of Ashenzari.
  1109 | D:2      | Found a faded altar of an unknown god.
  1194 | D:2      | Reached XP level 4. HP: 40/44 MP: 3/3
  1319 | D:3      | Reached skill level 4 in Unarmed Combat
  1319 | D:3      | Reached XP level 5. HP: 49/53 MP: 4/4
  1338 | D:3      | Found a stormy altar of Qazlal.
  1396 | D:3      | Noticed Ijyb
  1410 | D:3      | Killed Ijyb
  1439 | D:3      | Found a burning altar of Makhleb.
  1823 | D:4      | Found a glowing silver altar of Zin.
  1869 | D:4      | Reached XP level 6. HP: 30/61 MP: 5/5
  2113 | D:4      | Reached skill level 5 in Unarmed Combat
  2384 | D:4      | Reached XP level 7. HP: 30/68 MP: 6/6
  2473 | D:5      | Entered Level 5 of the Dungeon
  2490 | D:5      | Noticed Menkaure
  2490 | D:5      | Noticed Pikel
  2526 | D:4      | Slain by Pikel

Illustrated notes

Levels and vault maps discovered:
D:1:      dpeg_arrival_rooms_a, layout_basic, minmay_misc_feat_tiny
D:2:      layout_rooms, dreamdust_ecumenical_altar_hidden_monk_grotto,
          basic_altar, minmay_crystal_room, kennysheep_nub
D:3:      layout_rooms, mainiacjoe_overflow_cross_hatched,
          mainiacjoe_overflow_six_doors_small, serial_park_tiny_pond, uniq_ijyb
D:4:      layout_loops_ring, mainiacjoe_overflow_alcove_4
D:5:      layout_gridville, grunt_ministairs_6, grunt_decor_mini_mirrors,
          amcnicky_mini_pool_small, minmay_misc_feat_diagonals, uniq_menkaure,
          uniq_pikel

Skill      XL: |  1  2  3  4  5  6 |
---------------+-------------------+-----
Shields        | 3 4 |  4.3
Unarmed Combat | 3 4 5 |  5.6
Fighting       | 3 |  3.9
Dodging        | |  2.4

Action                     |  1- 3 |  4- 6 |  7- 9 || total
---------------------------+-------+-------+-------++-------
  Melee: Unarmed           |   101 |   131 |     3 ||   235
    Use: Scroll            |     1 |       |       ||     1
 Armour: Robe              |    31 |    27 |       ||    58
  Dodge: Dodged            |    43 |    43 |       ||    86
  Block: Kite shield       |    30 |    27 |     1 ||    58

Table legend: (Time is in decaauts)
 A = Elapsed time spent in this place.
 B = Non-inter-level travel time spent in this place.
 C = Inter-level travel time spent in this place.
 D = Time resting spent in this place.
 E = Time spent auto-exploring this place.
 F = Levels seen in this place.
 G = Mean time per level.
                   A        B        C        D        E       F      G
               +--------+--------+--------+--------+--------+-----+--------+
         Total |   2542 |   2273 |    269 |    212 |   1394 |   5 |  508.4 |
       Dungeon |   2542 |   2273 |    269 |    212 |   1394 |   5 |  508.4 |
               +--------+--------+--------+--------+--------+-----+--------+

Top non-repeatable levels by time:
     D:4: 852 daAuts
     D:1: 768 daAuts
     D:2: 466 daAuts
     D:3: 425 daAuts
     D:5: 29 daAuts
